 Dungeon Crawl Stone Soup version 0.30-a0-949-g53dc5368d7 (webtiles) character file.

Game seed: 18365462327928123779

1539 mopl the Magician (level 8, -2/46 HPs)
             Began as an Octopode Hedge Wizard on Mar 27, 2023.
             Was an Initiate of Vehumet.
             Succumbed to a killer bee's poison
             ... on level 7 of the Dungeon.
             The game lasted 00:10:31 (5720 turns).

mopl the Magician (Octopode Hedge Wizard)           Turns: 5720, Time: 00:10:33

Health: -2/46      AC:  1    Str:  9    XL:     8   Next: 86%
Magic:  15/18      EV: 13    Int: 18    God:    Vehumet [......]
Gold:   525        SH:  0    Dex: 12    Spells: 15/21 levels left

rFire   . . .      SeeInvis .    a - +5 short sword (venom)
rCold   . . .      Faith    .    (no shield)
rNeg    . . .      Spirit   .    b - +0 hat
rPois   .          Reflect  .    f - amulet of regeneration
rElec   .          Rampage  .    j - ring of resist corrosion
rCorr   +                        (no ring)
Will    .....                    (no ring)
Stlth   +++                      (no ring)
HPRegen 1.07/turn                (no ring)
MPRegen 0.16/turn                (no ring)
                                 (no ring)
                                 (no ring)

@: mighty, lethally poisoned (-2 -> -13)
A: almost no armour, amphibious, 8 rings, camouflage 1, gelatinous body 1,
(nimble swimmer 1), tentacles
a: Renounce Religion


You were on level 7 of the Dungeon.
You worshipped Vehumet.
Vehumet was noncommittal.
You visited 2 branches of the dungeon, and saw 8 of its levels.

You collected 525 gold pieces.

Inventory:

Hand Weapons
 a - a +5 short sword of venom (weapon)
 e - a +0 dagger
Missiles
 k - 12 poisoned darts
 y - 4 boomerangs
Armour
 b - a +0 hat (worn)
Magical Staves
 h - a staff of cold
 n - a staff of air
 w - a staff of conjuration
Jewellery
 f - an amulet of regeneration (around mantle)
 j - a ring of resist corrosion (left tentacle)
 s - a ring of ice
 z - an amulet of guardian spirit
Scrolls
 i - a scroll of fog {unknown}
 l - 2 scrolls of amnesia {unknown}
 m - 2 scrolls of immolation {unknown}
 o - a scroll of enchant weapon {unknown}
 r - 3 scrolls of identify {unknown}
 t - a scroll of teleportation {unknown}
 x - a scroll of blinking {unknown}
 A - a scroll of vulnerability {unknown}
 C - a scroll of magic mapping {unknown}
Potions
 c - 2 potions of magic
 d - 2 potions of invisibility
 g - 2 potions of mutation {unknown}
 p - 2 potions of might
 q - 2 potions of attraction {unknown}
 u - 2 potions of curing {unknown}
 v - 3 potions of ambrosia {unknown}
 B - a potion of brilliance {unknown}


   Skills:
 - Level 2.0 Dodging
 - Level 2.6 Stealth
 + Level 7.0 Spellcasting
 + Level 6.9 Conjurations
 - Level 1.0 Summonings
 - Level 4.0 Translocations
 - Level 2.0 Air Magic


You had 15 spell levels left.
You knew the following spells:

 Your Spells              Type           Power      Damage    Failure   Level
a - Magic Dart            Conj           100%       1d8       1%          1
c - Mephitic Cloud        Conj/Pois/Air  16%        N/A       10%         3
e - Blink                 Tloc           40%        N/A       3%          2

Your spell library contained the following spells:

 Spells                   Type           Power      Damage    Failure   Level
 Kiss of Death            Conj/Necr      72%        2d10      2%          1
 Slow                     Hex            24%        N/A       11%         1
 Call Imp                 Summ           9%         N/A       11%         2
 Cigotuvi's Dreadful Rot  Necr/Pois/Air  16%        N/A       12%         2
 Confusing Touch          Hex            6%         N/A       32%         3
 Frozen Ramparts          Ice            12%        1d2       32%         3
 Summon Ice Beast         Ice/Summ       8%         N/A       65%         4
 Dispel Undead            Necr           6%         3d8       71%         4
 Ice Form                 Ice/Tmut       6%         N/A       71%         4


Dungeon Overview and Level Annotations

Branches:
Dungeon (7/15)             Temple (1/1) D:4

Altars:
Cheibriados
Dithmenos
Elyvilon
Fedhas
Gozag
Hepliaklqana
Kikubaaqudgha
Makhleb
Nemelex Xobeh
Okawaru
Qazlal
Ru
Sif Muna
Trog
Uskayaw
Vehumet
Wu Jian
Yredelemnul
Zin
The Shining One

Shops:
D:6 =


Innate Abilities, Weirdness & Mutations

You cannot wear most types of armour.
You are amphibious.
You can wear up to eight rings at the same time.
Your skin changes colour to match your surroundings (Stealth+).
Your rubbery body absorbs attacks. (AC +1, EV +1)
((You are camouflaged when in or above water. (Stealth+)))
You have tentacles for arms and can constrict up to eight enemies at once.


Message History

The killer bee appears confused.
The killer bee is engulfed in noxious fumes.
The killer bee appears confused.
The killer bee closely misses you.
The killer bee barely misses itself.
The killer bee stings you.
You are poisoned.
The killer bee poisons you!
You feel very sick.
The killer bee is engulfed in noxious fumes. x2
The killer bee stings you. The killer bee barely misses you.
The killer bee is engulfed in noxious fumes.
The killer bee appears confused.
The killer bee stings you.
You are more poisoned.
The killer bee poisons you!
Unknown command.
Unknown command.
The killer bee attacks as you move away!
The killer bee barely misses you.
You feel very sick.
The killer bee is engulfed in noxious fumes. x2
The killer bee appears confused.
The killer bee closely misses the killer bee.
The killer bee is engulfed in noxious fumes.
The killer bee appears confused.
The killer bee barely misses the killer bee.
The killer bee is engulfed in noxious fumes.
The killer bee misses you.
You miss the killer bee. Your grab misses the killer bee.
You feel very sick. The killer bee stings you!
* * * LOW HITPOINT WARNING * * *
You are lethally poisoned!
The killer bee poisons you!
The killer bee is engulfed in noxious fumes.
The killer bee appears confused.
The killer bee misses you.
The killer bee stings you but does no damage.
The killer bee stings you!
* * * LOW HITPOINT WARNING * * *
It was a potion of might.
You feel very mighty all of a sudden.
You die...

#.# #.### #...# #<#.#
####'## #.....# ##########
.. #.....# #........##..
......# ##............
......# #..@y....>....
......#..#+++#.#y..........
......##...................
#.....##...#.#''y#.........
#.....##.... #.#?#.........
..>.........##.//#.........
.........##..#####.........
.........###........#######
...........#)..........#


You could see 3 killer bees.

Vanquished Creatures
  Duvessa (D:4)
  A black bear (D:6)
  3 ogres
  2 centaurs
  A scorpion (D:5)
  Dowan (D:4)
  4 hounds
  4 jellies
  3 sleepcaps
  4 iguanas
  5 orc wizards
  10 gnolls
  6 adders
  A white imp (D:6)
  An ufetubus (D:6)
  3 worms
  6 dart slugs
  8 orcs
  8 ball pythons
  5 endoplasms
  3 giant cockroaches
  3 goblins
  3 hobgoblins
  10 jackals
  3 quokkas
  5 bats
  3 frilled lizards
  8 kobolds
  5 rats
  A spectral orc (D:4)
121 creatures vanquished.

Notes
Turn   | Place    | Note
-------+----------+-------------------------------------------
     0 | D:1      | mopl the Octopode Hedge Wizard began the quest for the Orb.
     0 | D:1      | Reached XP level 1. HP: 11/11 MP: 4/4
    39 | D:1      | Reached XP level 2. HP: 17/17 MP: 1/6
    87 | D:1      | Learned a level 2 spell: Blink
   250 | D:1      | Found a faded altar of an unknown god.
   278 | D:1      | Prayed at the altar of an unknown god.
   278 | D:1      | Became a worshipper of Uskayaw the Reveller
   278 | D:1      | Reached * piety under Uskayaw
   471 | D:1      | Reached ** piety under Uskayaw
   499 | D:1      | Reached XP level 3. HP: 16/21 MP: 7/7
   500 | D:1      | Reached *** piety under Uskayaw
   688 | D:1      | Fell from the grace of Uskayaw
   830 | D:1      | Reached skill level 2 in Translocations
   994 | D:1      | Reached skill level 2 in Conjurations
  1033 | D:2      | Reached XP level 4. HP: 24/27 MP: 9/9
  1842 | D:3      | Reached XP level 5. HP: 31/31 MP: 5/10
  1876 | D:3      | Learned a level 3 spell: Mephitic Cloud
  2213 | D:3      | Found an ornate altar of the Wu Jian Council.
  2294 | D:3      | Found an opulent altar of Gozag.
  2458 | D:4      | Noticed Duvessa
  2458 | D:4      | Noticed Dowan
  2503 | D:4      | Found a staircase to the Ecumenical Temple.
  2523 | Temple   | Entered the Ecumenical Temple
  2766 | D:4      | Reached skill level 4 in Spellcasting
  2766 | D:4      | Reached skill level 3 in Translocations
  2767 | D:4      | Paralysed by the fury of Uskayaw for 3 turns
  3068 | D:4      | Found a hazy altar of Hepliaklqana.
  3135 | D:5      | Entered Level 5 of the Dungeon
  3135 | D:5      | Noticed an ogre
  3135 | D:5      | Found a basalt altar of Yredelemnul.
  3172 | D:5      | Found a blossoming altar of Fedhas.
  3204 | D:5      | Reached skill level 3 in Conjurations
  3204 | D:5      | Reached skill level 1 in Air Magic
  3244 | D:5      | Noticed a centaur
  3248 | D:5      | Noticed an ogre
  3264 | D:5      | Killed a centaur
  3265 | D:5      | Reached XP level 6. HP: 34/36 MP: 7/12
  3321 | D:4      | Killed Duvessa
  3322 | D:4      | Reached skill level 2 in Air Magic
  3469 | D:4      | Found a shimmering blue altar of Sif Muna.
  3652 | D:4      | Killed Dowan
  3653 | D:4      | Reached XP level 7. HP: 41/41 MP: 9/13
  3682 | D:5      | Reached skill level 4 in Conjurations
  3682 | D:5      | Reached skill level 4 in Translocations
  3712 | D:5      | Found a sacrificial altar of Ru.
  3804 | D:5      | Reached skill level 5 in Spellcasting
  4162 | D:5      | Reached skill level 5 in Conjurations
  4181 | D:5      | Reached XP level 8. HP: 26/46 MP: 7/16
  4250 | D:5      | Found a radiant altar of Vehumet.
  4281 | D:5      | Became a worshipper of Vehumet
  4664 | D:5      | Paralysed by the fury of Uskayaw for 5 turns
  4664 | D:5      | Was forgiven by Uskayaw
  4689 | D:6      | Reached skill level 6 in Spellcasting
  4748 | D:6      | Reached skill level 6 in Conjurations
  4810 | D:6      | Found Myhodgh's Jewellery Shoppe.
  5687 | D:7      | Reached skill level 7 in Spellcasting
  5719 | D:7      | HP: 1/46 [killer bee (8)]
  5720 | D:7      | Succumbed to a killer bee's poison

Illustrated notes

Levels and vault maps discovered:
D:1:      nicolae_arrival_washed_ashore, layout_loops_ring,
          hellmonk_ecumenical_altar_crossroads, corner_web_ring
D:2:      layout_basic, serial_aquarium, aquarium_bridge_straight
          [aquarium_subvault_bridge, aquarium_subvault_wall,
          aquarium_subvault_bridge, aquarium_subvault_balcony],
          aquarium_window_2, aquarium_window_corridor_3, aquarium_window_1,
          aquarium_window_double, aquarium_view_2b, aquarium_view_2g,
          aquarium_pool_side
D:3:      layout_basic, lemuel_coloured_pillars_altar,
          mainiacjoe_overflow_brackets, kennysheep_cluttered_room
D:4:      layout_rooms, old_standard_altar,
          nicolae_hepliaklqana_monster_ancestors,
          minmay_temple_entry_sparse_star, kennysheep_generic_room_10,
          uniq_duvessa
D:5:      layout_basic, amcnicky_altar_gilded, overflow_temple_1_default,
          nicolae_ru_great_annihilating_truth, mainiacjoe_overflow_paths,
          hangedman_glass_teeth, chequers_serial_rivers_micro_e
D:6:      layout_basic, serial_shops, nicolae_shop_competitors_out_of_business
D:7:      layout_basic, eino_jars
Temple:   nicolae_temple_x_marks_the_god

Skill      XL: |  1  2  3  4  5  6  7  8 |
---------------+-------------------------+-----
Translocations | 2 3 4 |  4.0
Conjurations   | 2 3 5 6 |  6.9
Spellcasting   | 4 5 7 |  7.0
Air Magic      | 1 2 |  2.0
Dodging        | |  2.0
Stealth        | |  2.6
Summonings     | |  1.0

Action                     |  1- 3 |  4- 6 |  7- 9 || total
---------------------------+-------+-------+-------++-------
  Melee: Dagger            |    11 |       |       ||    11
         Tentacles         |     9 |    15 |    24 ||    48
         Constrict         |    12 |    18 |    29 ||    59
         Short sword       |    47 |    78 |   109 ||   234
         Punch             |       |       |     1 ||     1
   Cast: Magic Dart        |    15 |    12 |    72 ||    99
         Mephitic Cloud    |       |     8 |     7 ||    15
         Blink             |       |       |     2 ||     2
 Invoke: Renounce Religion |     1 |       |       ||     1
    Use: Potion            |       |       |     1 ||     1
   Stab: Sleeping          |     9 |     8 |     2 ||    19
         Paralysed         |     1 |       |       ||     1
         Confused          |       |     2 |     4 ||     6
 Armour: Skin              |     3 |     1 |     9 ||    13
  Dodge: Dodged            |    52 |    50 |    77 ||   179

Table legend: (Time is in decaauts)
 A = Elapsed time spent in this place.
 B = Non-inter-level travel time spent in this place.
 C = Inter-level travel time spent in this place.
 D = Time resting spent in this place.
 E = Time spent auto-exploring this place.
 F = Levels seen in this place.
 G = Mean time per level.
                   A        B        C        D        E       F      G
               +--------+--------+--------+--------+--------+-----+--------+
         Total |   5735 |   5432 |    303 |    834 |   3286 |   8 |  716.9 |
       Dungeon |   5642 |   5352 |    290 |    834 |   3259 |   7 |  806.0 |
        Temple |     93 |     80 |     13 |      0 |     27 |   1 |   93.0 |
               +--------+--------+--------+--------+--------+-----+--------+

Top non-repeatable levels by time:
     D:1: 1008 daAuts
     D:6: 1003 daAuts
     D:5: 953 daAuts
     D:3: 897 daAuts
     D:4: 885 daAuts
     D:2: 808 daAuts
  Temple: 93 daAuts
     D:7: 85 daAuts
